 Dungeon Crawl Stone Soup version bcrawl-1.19.2-6-g6a88ae04c9 (webtiles) character file.

Game seed: 1152982850989453990

2436 MisterOstroum the Charlatan (level 9, -7/74 HPs)
             Began as an Oni Venom Mage on Dec 14, 2019.
             Was a Believer of Uskayaw.
             Killed from afar by an electric eel (10 damage)
             ... with a bolt of electricity
             ... on level 6 of the Dungeon on Dec 17, 2019.
             The game lasted 00:21:04 (7047 turns).

MisterOstroum the Charlatan (Oni Venom Mage)        Turns: 7047, Time: 00:21:05

Health: -7/74      AC:  3    Str: 12    XL:     9   Next: 49%
Magic:  3/18       EV: 13    Int: 19    God:    Uskayaw [**....]
Gold:   314        SH:  0    Dex: 12    Spells: 8/18 levels left

rFire    . . .     SeeInvis .   a - +1 dagger (elec)
rCold    . . .     Gourm    .   (no shield)
rNeg     . . .     Faith    .   o - +0 animal skin
rPois    .         Spirit   .   (helmet restricted)
rElec    .         Reflect  .   (no cloak)
rCorr    .         Harm     .   d - +0 pair of gloves
MR       .....                  (no boots)
Stlth    ++........             f - amulet of regeneration
HPRegen  0.62/turn              (no ring)
MPRegen  0.16/turn              (no ring)

@: radiating poison, very slightly contaminated
A: oni magic, claws 1, fangs 1, horns 1
a: Stomp, Line Pass, Renounce Religion


You were on level 6 of the Dungeon.
You worshipped Uskayaw.
Uskayaw was noncommittal.
You were not hungry.

You visited 2 branches of the dungeon, and saw 7 of its levels.

You collected 314 gold pieces.

Inventory:

Hand Weapons
 a - a +1 dagger of electrocution (weapon)
 b - a +0 hunting sling
 t - a +0 spear of venom
 A - a +0 blowgun
Missiles
 i - 854 stones (quivered)
 k - 1482 sling bullets
 B - 131 poisoned needles
Armour
 d - a +0 pair of gloves (worn)
 o - a +0 animal skin (worn)
 F - a +2 ring mail of poison resistance
 H - a +0 large shield
Jewellery
 f - an amulet of regeneration (around neck)
Wands
 s - a wand of acid (7)
 D - a wand of scattershot (3)
 L - a wand of random effects (6)
Scrolls
 h - 8 scrolls of identify {unknown}
 r - 5 scrolls of teleportation {unknown}
 u - a scroll of fear {unknown}
 w - a scroll of blinking {unknown}
 y - 3 scrolls of remove curse {unknown}
 C - a scroll of enchant weapon {unknown}
 G - 2 scrolls of magic mapping {unknown}
 J - a scroll of enchant armour {unknown}
Potions
 c - a potion of berserk rage
 g - a potion of invisibility {unknown}
 j - a potion of flight {unknown}
 l - 2 potions of cancellation {unknown}
 m - 2 potions of resistance {unknown}
 n - a potion of magic {unknown}
 p - 2 potions of lignification {unknown}
 q - a potion of heal wounds {unknown}
 v - a potion of brilliance {unknown}
 x - a potion of curing {unknown}
 z - a potion of haste {unknown}
 E - 2 potions of ambrosia {unknown}
 I - a potion of mutation {unknown}
 K - 2 potions of agility {unknown}
Comestibles
 e - 8 rations {!d}
 M - 6 chunks of flesh


   Skills:
 * Level 5.4 Fighting
 + Level 3.0 Armour
 + Level 3.6 Dodging
 - Level 2.0 Stealth
 * Level 5.3 Spellcasting
   Level 5.3 Conjurations
   Level 5.3 Hexes
   Level 5.3 Charms
   Level 5.3 Summonings
   Level 5.3 Necromancy
   Level 5.3 Translocations
   Level 5.3 Transmutations
   Level 5.3 Fire Magic
   Level 5.3 Ice Magic
   Level 5.3 Air Magic
   Level 5.3 Earth Magic
   Level 5.3 Poison Magic
 + Level 6.4 Evocations


You had 8 spell levels left.
You knew the following spells:

 Your Spells              Type           Power        Failure   Level  Hunger
a - Sting                 Conj/Pois      ####         1%          1    None
b - Poisonous Vapours     Pois/Air       ####..       1%          2    None
O - Ignite Poison         Fire/Tmut/Pois ###.....     4%          3    ##.....
P - Olgreb's Toxic Radia  Pois           ####....     10%         4    ####...

Your spell library contained the following spells:

 Spells                   Type           Power        Failure   Level  Hunger
 Pain                     Necr           ####..       1%          1    None
 Sublimation of Blood     Necr           ####......   1%          2    None
 Throw Frost              Conj/Ice       ####..       1%          2    None
 Stone Arrow              Conj/Erth      ####..       4%          3    ##.....
 Summon Scorpions         Summ/Pois      ####....     14%         4    ####...
 Venom Bolt               Conj/Pois      ####......   36%         5    #####..


Dungeon Overview and Level Annotations

Branches:
Dungeon (6/12)             Temple (1/1) D:5

Altars:
Cheibriados
Dithmenos
Elyvilon
Fedhas
Gozag
Hepliaklqana
Kikubaaqudgha
Lugonu
Makhleb
Nemelex Xobeh
Okawaru
Qazlal
Ru
Sif Muna
Trog
Uskayaw
Vehumet
Wu Jian
Xom
Yredelemnul
Zin
The Shining One

Shops:
D:5 (

Annotations:
D:6 1 transporter


Innate Abilities, Weirdness & Mutations

You learn spells by gaining experience, not through books or religion.
You only train spellcasting to practice magic.
You have sharp fingernails.
You have very sharp teeth.
You have a pair of small horns on your head.


Message History

M - 3 chunks of flesh
Things that are here:
a +0 short sword; a cursed +0 leather armour; an orc skeleton You can no longer pass through a line of other dancers.
There isn't anything here!
Things that are here:
a +0 dagger; a +0 robe; an orc corpse You butcher the orc corpse.
M - 7 chunks of flesh (gained 4)
Things that are here:
a +0 dagger; a +0 robe; an orc skeleton You start resting.
Eating one of 7 chunks of flesh.
You eat one of the 7 chunks of flesh.
This raw flesh tastes terrible.
Your magical contamination has completely faded away.
You start resting.
A bullfrog comes into view.
Things that are here:
a +0 war axe; a +0 leather armour; an orc corpse The bullfrog gives a loud, deep croak!
The bullfrog closely misses you. The bullfrog barely misses you.
Found a stone staircase leading down.
You closely miss the bullfrog. The bullfrog closely misses you.
You hit the bullfrog. Lightning courses through the bullfrog!
The bullfrog is severely wounded.
The bullfrog closely misses you. The bullfrog hits you.
You hit the bullfrog. Lightning courses through the bullfrog!
You kill the bullfrog!
Your Armour skill increases to level 3!
You can now pass through a line of other dancers.
You see here a bullfrog corpse.
You butcher the bullfrog corpse.
M - 7 chunks of flesh (gained 1)
You see here a bullfrog skeleton.
You can no longer pass through a line of other dancers.
Found a wand of flame (18).
Found a transporter.
You start resting.
Eating one of 7 chunks of flesh.
You eat one of the 7 chunks of flesh.
This raw flesh tastes terrible.
Magic restored.
Found a stone staircase leading up.
There is a transporter here.
You start resting.
Magic restored.
You enter the transporter and appear at another place.
You see here a wand of flame (18).
Casting: Olgreb's Toxic Radiance (safe; 10% risk of failure)
Confirm with . or Enter, or press ? or * to list all spells.
You can't see any susceptible monsters within range! (Use Z to cast anyway.)
Casting: Olgreb's Toxic Radiance (safe; 10% risk of failure)
Confirm with . or Enter, or press ? or * to list all spells.
Okay, then.
Casting: Olgreb's Toxic Radiance (safe; 10% risk of failure)
Confirm with . or Enter, or press ? or * to list all spells.
You miscast Olgreb's Toxic Radiance.
You are very lightly contaminated with residual magic.
You feel odd.
Casting: Olgreb's Toxic Radiance (safe; 10% risk of failure)
Confirm with . or Enter, or press ? or * to list all spells.
Okay, then.
You start resting.
Magic restored.
You start resting.
Magic restored.
Casting: Olgreb's Toxic Radiance (safe; 10% risk of failure)
Confirm with . or Enter, or press ? or * to list all spells.
You begin to radiate toxic energy.
You open the door.
Your toxic aura wanes.
Your magical contamination has completely faded away.
The electric eel shoots out a bolt of lightning at you!
The bolt of electricity hits you! The bolt of electricity misses you.
There is an open door here.
Casting: Olgreb's Toxic Radiance (safe; 10% risk of failure)
Confirm with . or Enter, or press ? or * to list all spells.
You begin to radiate toxic energy.
The electric eel is poisoned. x2
The electric eel looks more poisoned. x2
The electric eel shoots out a bolt of lightning at you!
The bolt of electricity hits you! x2; The bolt of electricity hits the plant.
Casting: Olgreb's Toxic Radiance (safe; 10% risk of failure)
Confirm with . or Enter, or press ? or * to list all spells.
Your toxic radiance grows in intensity.
The electric eel looks more poisoned.
The electric eel shoots out a bolt of lightning at you!
The bolt of electricity misses you. The bolt of electricity hits you!
The electric eel shoots out a bolt of lightning at you!
The bolt of electricity hits you! The bolt of electricity misses you.
The bolt of electricity hits the plant.
You can now pass through a line of other dancers.
Casting: Olgreb's Toxic Radiance (safe; 10% risk of failure)
Confirm with . or Enter, or press ? or * to list all spells.
You miscast Ignite Poison.
You are very lightly contaminated with residual magic.
Nothing appears to happen.
The electric eel looks more poisoned.
The electric eel shoots out a bolt of lightning at you!
The bolt of electricity hits you!
* * * LOW HITPOINT WARNING * * *
The bolt of electricity hits you!
* * * LOW HITPOINT WARNING * * *
The electric eel shoots out a bolt of lightning at you!
The bolt of electricity hits you!
You die...

.........####...# #### ##.
........##################..
...
.................<..........
...
............................
...
............................
...
#...)###############........
...
#....#8P#≈≈≈≈≈≈≈#P8#........
...
#...)#..#≈≈≈≈≈..#..#..#.....
...
#...©#©?+≈P≈⌠≈..@/©#©.......
...
#.#..#..#≈≈≈≈≈..#..#........
...
#.#))#8P#≈≈≈≈≈;;#P8#.###....
... #.#..###############.#
... ...
#.#...÷..............# . ...
#.#............#######
#...$..........#
#......[..........
.#.................


You could see 2 electric eels.

Vanquished Creatures
  Pikel (D:5)
  A hippogriff (D:6)
  Sigmund (D:3)
  A crocodile (D:4)
  A sky beast (D:5)
  A black bear (D:5)
  2 slaves (D:5)
  A necrophage (D:5)
  2 ogres
  2 bullfrogs (D:6)
  2 scorpions
  4 crimson imps
  An orc priest (D:6)
  4 hounds
  A jelly (D:6)
  A bullfrog skeleton (D:5)
  A centaur skeleton (D:5)
  5 orc wizards
  2 worker ants
  Robin (D:3)
  6 adders
  6 shadow imps
  2 oozes
  7 worms
  3 dart slugs
  5 leopard geckos
  22 orcs
  A giant cockroach (D:4)
  15 goblins
  11 hobgoblins
  18 jackals
  5 quokkas
  2 ball pythons
  7 bats
  A frilled lizard (D:1)
  11 kobolds
  A quokka skeleton (D:3)
  6 rats
164 creatures vanquished.

Vanquished Creatures (others)
  A slave (D:5)
  An orc priest (D:5)
2 creatures vanquished.

Grand Total: 166 creatures vanquished

Notes
Turn   | Place    | Note
-------+----------+-------------------------------------------
     0 | D:1      | MisterOstroum the Oni Venom Mage began the quest for the
                  | Orb.
     0 | D:1      | Reached XP level 1. HP: 14/14 MP: 4/4
   291 | D:1      | Reached skill level 1 in Fighting
   353 | D:1      | Reached XP level 2. HP: 23/23 MP: 1/6
   361 | D:1      | Learned a level 2 spell: Poisonous Vapours
  1167 | D:2      | Reached XP level 3. HP: 28/29 MP: 1/7
  1851 | D:2      | Reached XP level 4. HP: 36/36 MP: 5/9
  2308 | D:2      | Upgraded the game from bcrawl-1.19.1 to
                  | bcrawl-1.19.2-6-g6a88ae04c9
  2487 | D:3      | Noticed Robin
  2537 | D:3      | Killed Robin
  2616 | D:3      | Reached XP level 5. HP: 41/41 MP: 5/11
  2718 | D:3      | Learned a level 3 spell: Ignite Poison
  3564 | D:3      | Reached skill level 1 in Evocations
  3564 | D:3      | Reached XP level 6. HP: 27/48 MP: 1/13
  4140 | D:3      | Noticed Sigmund
  4144 | D:3      | Killed Sigmund
  4144 | D:3      | Reached skill level 2 in Evocations
  4144 | D:3      | Reached XP level 7. HP: 45/55 MP: 4/15
  4511 | D:4      | Learned a level 4 spell: Olgreb's Toxic Radiance
  4593 | D:4      | Found a shadowy altar of Dithmenos.
  4600 | D:4      | Reached skill level 3 in Evocations
  4754 | D:4      | Reached skill level 5 in Spellcasting
  5214 | D:5      | Entered Level 5 of the Dungeon
  5264 | D:5      | Reached skill level 4 in Evocations
  5324 | D:5      | Reached XP level 8. HP: 61/61 MP: 1/17
  5436 | D:5      | Reached skill level 5 in Evocations
  5643 | D:5      | Reached skill level 1 in Armour
  5764 | D:5      | Found Ecoovomp's Antique Weapon Emporium.
  5909 | D:5      | Noticed Pikel
  5916 | D:5      | Killed Pikel
  5916 | D:5      | Reached skill level 6 in Evocations
  5916 | D:5      | Reached XP level 9. HP: 59/73 MP: 1/18
  6419 | D:5      | Reached skill level 5 in Fighting
  6420 | D:5      | Found a staircase to the Ecumenical Temple.
  6429 | Temple   | Entered the Ecumenical Temple
  6524 | Temple   | Became a worshipper of Uskayaw the Reveler
  6725 | D:6      | Reached * piety under Uskayaw
  6729 | D:6      | Reached ** piety under Uskayaw
  6886 | D:6      | Found a transporter.
  6896 | D:6      | Reached *** piety under Uskayaw
  6947 | D:6      | Found a transporter.
  7047 | D:6      | HP: 3/74 [electric eel/bolt of electricity (13)]
  7047 | D:6      | Killed from afar by an electric eel

Skill      XL: |  1  2  3  4  5  6  7  8  9 |
---------------+----------------------------+-----
Fighting       | 1 2 4 5 |  5.4
Stealth        | 2 |  2.0
Spellcasting   | 2 3 4 5 |  5.3
Evocations     | 1 2 4 6 |  6.4
Dodging        | 3 |  3.6
Armour         | 2 3 |  3.0
Conjurations   | |  5.3
Hexes          | |  5.3
Charms         | |  5.3
Summonings     | |  5.3
Necromancy     | |  5.3
Translocations | |  5.3
Transmutations | |  5.3
Fire Magic     | |  5.3
Ice Magic      | |  5.3
Air Magic      | |  5.3
Earth Magic    | |  5.3
Poison Magic   | |  5.3

Action                   |  1- 3 |  4- 6 |  7- 9 || total
-------------------------+-------+-------+-------++-------
Melee: Unarmed           |     8 |    57 |       ||    65
       Dagger            |     3 |    41 |    73 ||   117
       Bite              |       |     7 |     3 ||    10
       Headbutt          |       |     6 |    10 ||    16
       Hunting sling     |       |       |     1 ||     1
 Fire: Hunting sling     |    39 |    58 |    62 ||   159
 Cast: Sting             |    35 |    65 |    10 ||   110
       Poisonous Vapours |    23 |    44 |    29 ||    96
       Ignite Poison     |       |     2 |    24 ||    26
       Olgreb's Toxic Ra |       |       |    12 ||    12
 Stab: Sleeping          |       |     2 |     1 ||     3
       Distracted        |       |       |     1 ||     1
  Eat: Chunk             |     6 |     9 |    13 ||    28
Armor: Animal skin       |    14 |    29 |    12 ||    55
Dodge: Dodged            |    32 |    99 |    51 ||   182
